 Dungeon Crawl Stone Soup version 0.30.2 (webtiles) character file.

Game seed: 6978291298936567675

230060 Ashen the Ogre Mage (level 19, -39/200 HPs)
             Began as an Ogre Ice Elementalist on Jan 19, 2024.
             Was the Champion of Vehumet.
             Killed from afar by a crystal guardian (50 damage)
             ... with a crystal bolt
             ... led by a peacekeeper
             ... on level 3 of the Vaults.
             The game lasted 02:37:34 (42218 turns).

Ashen the Ogre Mage (Ogre Ice Elementalist)        Turns: 42218, Time: 02:37:34

Health: -39/200    AC:  8    Str: 17    XL:     19   Next: 46%
Magic:  49/49      EV: 12    Int: 25    God:    Vehumet [******]
Gold:   1962       SH:  0    Dex:  9    Spells: 10/53 levels left

rFire   . . .        E - +8 giant spiked club (vamp)
rCold   . . .        (shield currently unavailable)
rNeg    . . .        Q - +0 troll leather armour
rPois   .            L - +2 hat {Int+3}
rElec   .            v - +0 cloak
rCorr   .            (gloves unavailable)
SInv    +            (boots unavailable)
Will    +....        S - amulet of magic regeneration
Stlth   ++           W - ring of magical power
HPRegen 1.33/turn    U - ring of see invisible
MPRegen 0.71/turn

%: no passive effects
@: about to teleport
A: large, unfitting armour, tough skin 1
}: 1/15 runes: barnacled
a: Renounce Religion


You were on level 3 of the Vaults.
You worshipped Vehumet.
Vehumet was exalted by your worship.
You visited 6 branches of the dungeon, and saw 30 of its levels.
You also visited: Ossuary.

You collected 3691 gold pieces.
You spent 1729 gold pieces at shops.

Inventory:

Hand Weapons
 i - a +1 hand axe of venom
 E - a +8 vampiric giant spiked club (weapon)
 F - a +0 giant spiked club of draining
 N - a +2 whip of distortion
Armour
 h - +0 acid dragon scales
 v - a +0 cloak (worn)
 I - +0 steam dragon scales
 L - a +2 hat of intelligence (worn)
 Q - a +0 troll leather armour (worn)
Magical Staves
 l - a staff of cold
Jewellery
 s - a ring of poison resistance
 G - a ring of protection from fire
 P - a ring of wizardry
 S - an amulet of magic regeneration (around neck)
 U - a ring of see invisible (right hand)
 W - a ring of magical power (left hand)
Wands
 m - a wand of acid (4)
 p - a wand of digging (14)
 u - a wand of polymorph (18)
 J - a wand of mindburst (10)
 M - a wand of flame (56)
 O - a wand of roots (36)
 R - a wand of paralysis (39)
Scrolls
 c - 5 scrolls of poison
 d - 5 scrolls of amnesia
 g - 5 scrolls of magic mapping
 k - 4 scrolls of vulnerability
 o - 18 scrolls of teleportation
 q - 8 scrolls of noise
 r - 2 scrolls of silence
 t - 7 scrolls of identify
 x - 2 scrolls of summoning
 y - 6 scrolls of torment
 D - 5 scrolls of enchant armour
 H - 2 scrolls of blinking
 K - 10 scrolls of fear
 V - 2 scrolls of immolation
 Y - 4 scrolls of fog
Potions
 a - a potion of resistance
 b - 2 potions of magic
 e - 6 potions of lignification
 f - 4 potions of invisibility
 j - 10 potions of brilliance
 n - 3 potions of attraction
 w - 4 potions of might
 z - 4 potions of flight
 A - 9 potions of curing
 B - 8 potions of mutation
 C - 7 potions of haste
 T - a potion of heal wounds
 X - a potion of ambrosia
 Z - 4 potions of cancellation


   Skills:
 + Level 14.9 Fighting
 + Level 10.8 Maces & Flails
 + Level 11.0 Dodging
 - Level 3.0 Stealth
 * Level 17.8 Spellcasting
 * Level 14.4 Conjurations
 * Level 15.4 Ice Magic
 - Level 8.0 Air Magic


You had 10 spell levels left.
You knew the following spells:

 Your Spells              Type           Power      Damage    Failure   Level
a - Ozocubu's Refrigerat  Ice            39%        4d16      1%          7
b - Frozen Ramparts       Ice            100%       1d16      0%          3
c - Ozocubu's Armour      Ice            79%        N/A       0%          3
d - Summon Ice Beast      Ice/Summ       57%        N/A       1%          4
e - Orb of Destruction    Conj           38%        9d11      1%          7
f - Freezing Cloud        Conj/Ice/Air   35%        6-21      1%          5
g - Swiftness             Air            58%        N/A       1%          3
h - Arcjolt               Conj/Air       34%        1d44      1%          5
i - Conjure Ball Lightni  Conj/Air       34%        3x3d11    1%          6

Your spell library contained the following spells:

 Spells                   Type           Power      Damage    Failure   Level
 Polar Vortex             Ice            39%        N/A       71%         9
 Chain Lightning          Conj/Air       34%        3d45      99%         9
 Fire Storm               Conj/Fire      27%        8d7       100%        9
 Freeze                   Ice            100%       1d10      0%          1
 Shock                    Conj/Air       100%       1d9       1%          1
 Ensorcelled Hibernation  Hex/Ice        100%       N/A       1%          2
 Poisonous Vapours        Pois/Air       84%        N/A       1%          2
 Dazzling Flash           Conj/Hex       100%       N/A       1%          3
 Mephitic Cloud           Conj/Pois/Air  56%        N/A       1%          3
 Airstrike                Air            29%        2d(5-21)  1%          4
 Fulminant Prism          Conj/Hex       27%        3d13      1%          4
 Iskenderun's Mystic Bla  Conj/Tloc      55%        2d12      1%          4
 Sticky Flame             Conj/Fire      55%        2d7       1%          4
 Irradiate                Conj/Tmut      27%        3d20      1%          5
 Beastly Appendage        Tmut           44%        N/A       2%          1
 Summon Small Mammal      Summ           88%        N/A       2%          1
 Ignite Poison            Fire/Tmut/Pois 22%        N/A       2%          3
 Volatile Blastmotes      Fire/Tloc      44%        2d13      2%          3
 Lesser Beckoning         Tloc           44%        N/A       4%          2
 Passwall                 Tmut/Erth      18%        N/A       4%          2
 Wereblood                Tmut           22%        N/A       4%          2
 Starburst                Conj/Fire      27%        6d9       6%          6
 Call Canine Familiar     Summ           22%        N/A       9%          3
 Gell's Gravitas          Tloc           22%        N/A       9%          3
 Spider Form              Tmut/Pois      22%        N/A       9%          3
 Teleport Other           Tloc           22%        N/A       9%          3
 Silence                  Hex/Air        21%        N/A       14%         5
 Lee's Rapid Deconstruct  Erth           11%        3d8*      19%         5
 Animate Dead             Necr           22%        N/A       26%         4
 Agony                    Necr           22%        N/A       58%         5
 Blade Hands              Tmut           11%        N/A       58%         5
 Borgnjor's Vile Clutch   Necr/Erth      11%        N/A       58%         5
 Summon Mana Viper        Hex/Summ       22%        N/A       58%         5
 Death Channel            Necr           11%        N/A       99%         6
 Dispersal                Tloc           11%        N/A       99%         6
 Dragon Form              Tmut           11%        N/A       100%        7
 Monstrous Menagerie      Summ           11%        N/A       100%        7
 Borgnjor's Revivificati  Necr           11%        N/A       100%        8
 Ignition                 Fire           11%        3d5       100%        8
 Necromutation            Tmut/Necr      11%        N/A       100%        8
 Death's Door             Necr           11%        N/A       100%        9
 Dragon's Call            Summ           11%        N/A       100%        9


Dungeon Overview and Level Annotations

Branches:
Dungeon (15/15)            Temple (1/1) D:4            Lair (5/5) D:9
 Shoals (4/4) Lair:2       Spider (0/4) Lair:3        Slime (0/5) Lair:4
    Orc (2/2) D:9             Elf (0/3) Orc:2        Vaults (3/5) D:13
 Depths (0/4) D:15        Ossuary (visited)
  Crypt: Vaults:2-3

Altars:
Ashenzari
Cheibriados
Dithmenos
Elyvilon
Fedhas
Gozag
Hepliaklqana
Kikubaaqudgha
Makhleb
Nemelex Xobeh
Okawaru
Qazlal
Ru
Sif Muna
Trog
Uskayaw
Vehumet
Wu Jian
Xom
Yredelemnul
Zin
The Shining One
Jiyva
Lugonu

Shops:
D:5 *   D:12 *[*=(   D:15 *   Orc:1 [   Orc:2 =*[*   Shoals:4 !

Portals:
Abyss: Lair:5
Pandemonium: Orc:2

Annotations:
D:15 3 runed translucent doors, xelsha's ghost, adept GrEE
Shoals:2 1 runed translucent door, emiel's ghost, adept DsBe


Innate Abilities, Weirdness & Mutations

You are too large for most types of armour.
You have tough skin. (AC +1)


Message History

The floor.
Casting: Orb of Destruction (mildly dangerous; 1% risk of failure)
Confirm with . or Enter, or press ? or * to list all spells.
A film of ice covers your body!
The peacekeeper bites you but does no damage.
The peacekeeper claws you but does no damage.
The peacekeeper barely misses you. The peacekeeper claws you.
You barely miss the peacekeeper.
The peacekeeper bites you but does no damage.
The peacekeeper closely misses you.
The peacekeeper roars a battlecry!
The crystal guardians go into a battle-frenzy!
You flatten the peacekeeper like a pancake!!!
The peacekeeper is almost destroyed.
The peacekeeper bites you! The peacekeeper claws you.
The vampire mage mumbles some strange words.
The vampire mage flickers and vanishes for a moment.
The peacekeeper bites you! The peacekeeper claws you!
You impale the peacekeeper!!
You destroy the peacekeeper!
Vehumet accepts your kill.
You hit the crystal guardian.
The crystal guardian is lightly damaged.
The crystal guardian fires a crystalline bolt at you.
The crystal bolt burns you!!!
Your icy armour melts away.
The crystal guardian fires a crystalline bolt at you.
The crystal bolt burns the crystal guardian.
The crystal guardian completely resists.
The crystal bolt burns you!!
As you read the scroll of teleportation, it crumbles to dust.
You feel strangely unstable.
The crystal guardian fires a crystalline bolt at you.
The crystal bolt burns you!!!
* * * LOW HITPOINT WARNING * * *
The crystal guardian fires a crystalline bolt at you.
The crystal bolt freezes the crystal guardian.
The crystal guardian completely resists.
The crystal bolt freezes you!!!
You die...

#..##..#
.##.#..###########
+##'#..'.........#
..#....#.#######.#
..'....#.# #.#
[.#....#.# #.#
#.#....#.# #.#
###....#.# #.#
.......#.# #@#
.......#.###+###9#
.......#..8...89V#
.......#.........#
.......#.........+
.......#.........#
.......#..8...8..#
.......#.........#
.......#.........#


You could see 2 crystal guardians and a vampire mage (invisible).

Vanquished Creatures
  Jorgrun (Shoals:3)
  Polyphemus (Shoals:2)
  2 krakens (Shoals:4)
  Kirke (Lair:3)
  A tengu reaver (Vaults:3)
  Ilsuiw (Shoals:2)
  A fire giant (Vaults:2)
  8 vault wardens
  An orc warlord (Vaults:1)
  6 ironbound preservers
  A war gargoyle (Vaults:1)
  4 very ugly things (Vaults:1)
  7 ironbound thunderhulks
  2 elemental wellsprings (Shoals:2)
  3 dire elephants (Vaults:3)
  5 merfolk javelineers
  Josephine (Lair:4)
  4 great orbs of eyes
  5 merfolk impalers
  2 fire dragons
  2 entropy weavers (Vaults:1)
  3 yaktaur captains
  17 vault guards
  3 hydras
  2 ogre magi
  A peacekeeper (Vaults:3)
  2 catoblepae
  5 merfolk avatars
  2 ice dragons
  10 boulder beetles
  Erica (Lair:2)
  3 ironbound frosthearts
  9 merfolk aquamancers
  2 satyrs
  2 demonspawn (Orc:2)
  5 death yaks
  13 centaur warriors
  17 two-headed ogres
  3 orc high priests (Orc:2)
  2 thrashing horrors (Lair:5)
  Sonja (Lair:3)
  Nergalle (Lair:3)
  5 skysharks
  12 deep trolls
  A glowing orange brain (Vaults:3)
  13 ironbound convokers
  A phantasmal warrior (D:12)
  15 sea snakes
  3 lindwurms (Vaults:3)
  4 wizards
  A necromancer (Vaults:2)
  A wolf spider (Lair:3)
  A lindwurm (shapeshifter) (Lair:5)
  5 deep elf pyromancers
  4 orc knights (Orc:2)
  12 harpies
  7 fauns
  A wolf spider zombie (D:8)
  8 orc sorcerers (Orc:2)
  21 ugly things
  8 manticores
  4 elephants (Lair:5)
  6 cyclopes
  5 centaur zombies (D:8)
  13 vault sentinels
  11 water nymphs
  A water nymph (shapeshifter) (D:15)
  8 merfolk sirens
  A black mamba (Lair:1)
  16 cane toads
  2 torpor snails
  2 gargoyles
  2 centaur skeletons (D:8)
  An unseen horror (D:12)
  6 rime drakes
  A kobold demonologist (D:12)
  18 yaktaurs
  8 komodo dragons
  4 ancient zymes (Lair:5)
  3 tengu conjurers (D:15)
  2 efreet
  An ice devil (Orc:2)
  7 trolls
  6 meliai (D:14)
  A polar bear (D:9)
  7 wind drakes
  3 harpy zombies (Shoals:1)
  2 hellwings (D:8)
  A polar bear (shapeshifter) (D:13)
  31 merfolk
  2 hornets
  2 large abominations (Lair:5)
  5 dream sheep
  26 blink frogs
  14 snapping turtles
  27 slime creatures
  A jumping spider (Lair:3)
  A spriggan (Lair:5)
  2 culicivoras (Lair:3)
  2 shadows
  32 yaks
  17 water elementals
  2 ynoxinuls (Lair:5)
  12 basilisks
  A spriggan (shapeshifter) (Lair:5)
  5 wyverns
  8 wraiths
  2 chaos spawn (Lair:5)
  Eustachio (D:4)
  3 hogs (Lair:3)
  A redback (Vaults:1)
  2 steam dragons
  4 vampire mosquitoes
  2 acid dragons
  A warg (Orc:2)
  Duvessa (D:5)
  12 water moccasins
  9 ice beasts
  21 orc warriors
  A black bear (D:5)
  2 boggarts (D:12)
  A manticore zombie (Shoals:1)
  23 wolves
  7 ogres
  13 small abominations (Lair:5)
  3 centaurs
  A phantom (D:5)
  3 kobold brigands
  An elf zombie (Ossuary)
  4 gnoll sergeants
  3 scorpions
  10 bullfrogs
  8 wights
  Dowan (D:5)
  32 killer bees (D:11)
  2 electric eels
  6 howler monkeys
  7 jellies
  A human zombie (Ossuary)
  3 hounds
  19 orc priests
  A gnoll bouda (Orc:2)
  Crazy Yiuf (D:7)
  2 sleepcaps
  2 iguanas
  Ijyb (D:2)
  22 orc wizards
  A hound zombie (Ossuary)
  4 mummies (Ossuary)
  Robin (D:4)
  15 gnolls
  2 adders
  5 shadow imps (D:8)
  2 white imps (D:8)
  An ufetubus (D:5)
  An adder zombie (Ossuary)
  A worm (D:3)
  A worm (shapeshifter) (D:12)
  A dart slug (D:4)
  63 orcs
  A bat zombie (Shoals:1)
  5 endoplasms
  A giant cockroach (D:2)
  19 goblins
  6 hobgoblins
  A jackal (D:4)
  17 kobolds
  4 quokkas
  5 ball pythons
  10 bats
  2 goblin zombies (Ossuary)
  A hobgoblin zombie (Ossuary)
  A jackal zombie (Ossuary)
  2 kobold zombies (Ossuary)
  An orc zombie (Ossuary)
  5 rats
  A rat zombie (Ossuary)
  4 tentacles (Shoals:4)
1041 creatures vanquished.

Vanquished Creatures (collateral kills)
  A harpy (D:7)
  An ugly thing (Lair:5)
  A freezing wraith (D:15)
  A blink frog (Lair:3)
  A wight (D:9)
  An iguana (D:6)
6 creatures vanquished.

Vanquished Creatures (others)
  A slime creature (D:12)
  An orc wizard (D:8)
  11 tentacles (Shoals:4)
13 creatures vanquished.

Grand Total: 1060 creatures vanquished

Notes
Turn   | Place    | Note
-------+----------+-------------------------------------------
     0 | D:1      | Ashen the Ogre Ice Elementalist began the quest for the
                  | Orb.
     0 | D:1      | Reached XP level 1. HP: 16/16 MP: 3/3
   312 | D:1      | Reached XP level 2. HP: 24/26 MP: 2/5
   405 | D:1      | Reached skill level 1 in Fighting
  1142 | D:2      | Noticed Ijyb
  1152 | D:2      | Reached XP level 3. HP: 33/33 MP: 4/7
  1162 | D:2      | Paralysed by Ijyb for 4 turns
  1169 | D:2      | Paralysed by Ijyb for 4 turns
  1173 | D:2      | Killed Ijyb
  1174 | D:2      | Reached skill level 3 in Spellcasting
  1413 | D:2      | Learned a level 3 spell: Frozen Ramparts
  1417 | D:2      | Learned a level 3 spell: Ozocubu's Armour
  1663 | D:2      | Reached XP level 4. HP: 41/41 MP: 6/8
  2198 | D:3      | Found a blossoming altar of Fedhas.
  2448 | D:3      | Reached XP level 5. HP: 49/49 MP: 3/10
  2820 | D:4      | Reached skill level 1 in Maces & Flails
  2852 | D:4      | Found a staircase to the Ecumenical Temple.
  2861 | Temple   | Entered the Ecumenical Temple
  2959 | Temple   | Became a worshipper of Vehumet
  3153 | D:4      | Noticed Robin
  3180 | D:4      | Killed Robin
  3464 | D:4      | Noticed Eustachio
  3474 | D:4      | Killed Eustachio
  3475 | D:4      | Reached skill level 4 in Spellcasting
  3475 | D:4      | Reached XP level 6. HP: 48/59 MP: 3/12
  3577 | D:4      | Reached * piety under Vehumet
  3577 | D:4      | Offered knowledge of Kiss of Death by Vehumet.
  3584 | D:4      | Learned a level 4 spell: Summon Ice Beast
  3587 | D:4      | Learned a level 2 spell: Poisonous Vapours
  4041 | D:5      | Entered Level 5 of the Dungeon
  4059 | D:5      | Noticed a black bear
  4069 | D:5      | Killed a black bear
  4070 | D:5      | Reached XP level 7. HP: 59/67 MP: 4/13
  4178 | D:5      | Found a sand-covered staircase.
  4185 | Ossuary  | Entered an ossuary
  4226 | Ossuary  | Reached skill level 5 in Ice Magic
  4915 | D:5      | Noticed Duvessa
  4952 | D:5      | Killed Duvessa
  4953 | D:5      | Reached skill level 5 in Spellcasting
  4958 | D:5      | Noticed Dowan
  4962 | D:5      | Killed Dowan
  5128 | D:5      | Found Irriakhlesi's General Store.
  5136 | D:5      | Bought a scroll of teleportation for 39 gold pieces
  5155 | D:5      | Reached XP level 8. HP: 42/78 MP: 9/15
  5314 | D:5      | Reached skill level 1 in Air Magic
  6217 | D:5      | Learned a level 5 spell: Freezing Cloud
  6321 | D:6      | You fall into a shaft and drop 1 floor!
  6404 | D:7      | Reached skill level 6 in Spellcasting
  6455 | D:7      | Identified the +7 hammer of Entrepreneurial Spirit
                  | {antimagic, rElec}
  6458 | D:7      | Found a runed translucent door.
  6459 | D:7      | Noticed Crazy Yiuf
  6528 | D:7      | Noticed Maggie
  6529 | D:7      | Maggie changed into Maggie the harpy
  6529 | D:7      | Noticed Maggie
  6541 | D:7      | Killed Maggie the harpy
  6542 | D:7      | Reached skill level 1 in Conjurations
  6542 | D:7      | Reached XP level 9. HP: 42/85 MP: 3/18
  6828 | D:7      | Reached ** piety under Vehumet
  7075 | D:7      | Found an ornate altar of the Wu Jian Council.
  7376 | D:7      | Offered knowledge of Searing Ray by Vehumet.
  7864 | D:7      | Killed Crazy Yiuf
  8014 | D:6      | Noticed a two-headed ogre
  8043 | D:6      | Killed a two-headed ogre
  8044 | D:6      | Reached skill level 5 in Fighting
  8249 | D:6      | Reached skill level 7 in Spellcasting
  8260 | D:6      | Noticed a boulder beetle
  8280 | D:6      | Killed a boulder beetle
  8281 | D:6      | Reached XP level 10. HP: 25/97 MP: 13/21
  9730 | D:8      | Offered knowledge of Stone Arrow by Vehumet.
  9732 | D:8      | Noticed a two-headed ogre
  9740 | D:8      | Killed a two-headed ogre
  9741 | D:8      | Reached skill level 8 in Spellcasting
  9895 | D:8      | Reached skill level 5 in Air Magic
 10043 | D:8      | Reached skill level 5 in Dodging
 10128 | D:8      | Found an iron altar of Okawaru.
 10336 | D:8      | Reached XP level 11. HP: 92/107 MP: 23/23
 10442 | D:8      | Reached *** piety under Vehumet
 10450 | D:8      | Reached skill level 5 in Conjurations
 10899 | D:8      | Found a white marble altar of Elyvilon.
 11154 | D:9      | Learned a level 3 spell: Swiftness
 11294 | D:9      | Noticed a two-headed ogre
 11300 | D:9      | Killed a two-headed ogre
 11311 | D:9      | Offered knowledge of Hailstorm by Vehumet.
 11342 | D:9      | Reached skill level 9 in Spellcasting
 11953 | D:9      | Found a staircase to the Lair.
 11980 | D:9      | Reached skill level 5 in Maces & Flails
 12164 | D:9      | Found a staircase to the Orcish Mines.
 12403 | D:9      | Found a sparkling altar of Nemelex Xobeh.
 12403 | D:9      | Found a hazy altar of Hepliaklqana.
 12411 | D:9      | Found an opulent altar of Gozag.
 12413 | D:9      | Found a shadowy altar of Dithmenos.
 12415 | D:9      | Found a snail-covered altar of Cheibriados.
 12527 | D:10     | Entered Level 10 of the Dungeon
 12528 | D:10     | Found a shimmering blue altar of Sif Muna.
 12586 | D:10     | Found the amulet of Elemental Vulnerability {rPois rF--
                  | rC-- AC+8}
 12877 | D:10     | Reached **** piety under Vehumet
 13244 | Lair:1   | Entered Level 1 of the Lair of Beasts
 13376 | Lair:1   | Reached XP level 12. HP: 118/118 MP: 23/25
 13523 | Lair:1   | Offered knowledge of Arcjolt by Vehumet.
 13530 | Lair:1   | Learned a level 5 spell: Arcjolt
 14171 | Lair:1   | Noticed a death yak
 14184 | Lair:1   | Killed a death yak
 14185 | Lair:1   | Reached skill level 10 in Spellcasting
 14488 | Lair:2   | Noticed Erica
 14516 | Lair:2   | Killed Erica
 15020 | Lair:2   | Found a staircase to the Shoals.
 15881 | Lair:3   | Noticed Sonja
 15881 | Lair:3   | Noticed Nergalle
 15884 | Lair:3   | Killed Sonja
 15899 | Lair:3   | Noticed a catoblepas
 15920 | Lair:3   | Killed a catoblepas
 15921 | Lair:3   | Reached XP level 13. HP: 99/128 MP: 13/27
 15963 | Lair:3   | Killed Nergalle
 16165 | Lair:3   | Noticed Kirke
 16171 | Lair:3   | Killed Kirke
 16171 | Lair:3   | Reached ***** piety under Vehumet
 16172 | Lair:3   | Reached skill level 11 in Spellcasting
 16173 | Lair:3   | Offered knowledge of Conjure Ball Lightning by Vehumet.
 16191 | Lair:3   | Learned a level 6 spell: Conjure Ball Lightning
 16488 | Lair:3   | Found a hole to the Spider Nest.
 16498 | Lair:3   | Reached skill level 10 in Ice Magic
 17716 | Lair:4   | Identified the ring of Xom's Wantonness {rN++ Int-5 SInv}
 17980 | Lair:4   | Found a staircase to the Slime Pits.
 17989 | Lair:4   | Found a viscous altar of Jiyva.
 18135 | Lair:4   | Noticed Josephine
 18142 | Lair:4   | Killed Josephine
 18395 | Lair:5   | Entered Level 5 of the Lair of Beasts
 18941 | Lair:5   | Reached XP level 14. HP: 141/141 MP: 22/29
 18975 | Lair:5   | Reached skill level 12 in Spellcasting
 19097 | Lair:5   | Reached skill level 10 in Fighting
 19560 | Lair:5   | Offered knowledge of Ozocubu's Refrigeration by Vehumet.
 20024 | Lair:5   | Found a corrupted altar of Lugonu.
 20024 | Lair:5   | Found a one-way gate to the infinite horrors of the Abyss.
 20024 | Lair:5   | Found the +4 Cigotuvi's embrace {Corpsefed rMiasma Drain
                  | rN+}
 20707 | Orc:1    | Entered Level 1 of the Orcish Mines
 20717 | Orc:1    | Learned a level 7 spell: Ozocubu's Refrigeration
 21097 | Orc:1    | Found Xiumn's Armour Emporium.
 21194 | Orc:2    | Entered Level 2 of the Orcish Mines
 21563 | Orc:2    | Found a staircase to the Elven Halls.
 22454 | Orc:2    | Found Hul Fecloh's General Store.
 22604 | Orc:2    | Found Yfuas's General Store.
 22788 | Orc:2    | Bought 2 scrolls of fear for 136 gold pieces
 22788 | Orc:2    | Bought a scroll of teleportation for 51 gold pieces
 22790 | Orc:2    | Bought a potion of lignification for 42 gold pieces
 22790 | Orc:2    | Bought a scroll of teleportation for 42 gold pieces
 22895 | Orc:2    | Reached skill level 13 in Spellcasting
 23082 | Orc:2    | Reached skill level 10 in Conjurations
 23300 | Orc:2    | Reached XP level 15. HP: 41/152 MP: 20/32
 23336 | Orc:2    | Paralysed by an orc sorcerer for 5 turns
 23684 | Orc:2    | Found Gyzibb's Jewellery Emporium.
 23684 | Orc:2    | Found Ticutsif's Antique Armour Shoppe.
 23826 | Orc:2    | Found a one-way gate leading to the halls of Pandemonium.
 24076 | D:11     | Offered knowledge of Eringya's Noxious Bog by Vehumet.
 25649 | D:12     | Found Daseps's Armour Shoppe.
 25650 | D:12     | Found Puettuw's Assorted Antiques.
 25663 | D:12     | Bought 3 scrolls of fog for 324 gold pieces
 25663 | D:12     | Bought a scroll of enchant weapon for 202 gold pieces
 25663 | D:12     | Bought a potion of heal wounds for 135 gold pieces
 25708 | D:12     | Found Xeit's Weapon Emporium.
 25778 | D:12     | Found Wasuqauh's Assorted Antiques.
 25792 | D:12     | Found Nuaczan's Jewellery Emporium.
 26327 | D:12     | Found a runed translucent door.
 26327 | D:12     | Found a runed translucent door.
 26329 | D:12     | Found a runed translucent door.
 27756 | D:13     | Found a gate to the Vaults.
 27764 | D:13     | Reached skill level 14 in Spellcasting
 28863 | D:14     | Reached XP level 16. HP: 137/165 MP: 34/34
 29261 | D:15     | Entered Level 15 of the Dungeon
 29267 | D:15     | Reached ****** piety under Vehumet
 29268 | D:15     | Found Hete's Assorted Antiques.
 29274 | D:15     | Bought a scroll of enchant armour for 210 gold pieces
 29319 | D:15     | Offered knowledge of Orb of Destruction by Vehumet.
 29511 | D:15     | Found a runed translucent gate.
 29511 | D:15     | Found a runed translucent gate.
 29511 | D:15     | Found a runed translucent gate.
 29519 | D:15     | Noticed xelsha's ghost (adept GrEE)
 29529 | D:15     | Found an iron altar of Okawaru.
 30420 | D:14     | Learned a level 7 spell: Orb of Destruction
 30690 | D:15     | Found a staircase to the Depths.
 31007 | D:12     | Bought a ring of poison resistance for 320 gold pieces
 31189 | Shoals:1 | Entered Level 1 of the Shoals
 32805 | Shoals:2 | Reached skill level 15 in Spellcasting
 32808 | Shoals:2 | Offered knowledge of Iron Shot by Vehumet.
 33588 | Shoals:2 | Noticed Ilsuiw
 33604 | Shoals:2 | Killed Ilsuiw
 33605 | Shoals:2 | Reached XP level 17. HP: 107/175 MP: 24/36
 33709 | Shoals:2 | Found a runed translucent door.
 33713 | Shoals:2 | Noticed emiel's ghost (adept DsBe)
 33828 | Shoals:2 | Noticed Polyphemus
 33959 | Shoals:2 | Killed Polyphemus
 34319 | Shoals:3 | Noticed Jorgrun
 34326 | Shoals:3 | Killed Jorgrun
 34409 | Shoals:3 | Got Sif Muna's Spellbook of Formation
 35043 | Shoals:4 | Entered Level 4 of the Shoals
 35161 | Shoals:4 | Found Aqulop's Distillery.
 35215 | Shoals:4 | Bought a potion of magic for 152 gold pieces
 35215 | Shoals:4 | Bought a potion of brilliance for 76 gold pieces
 35255 | Shoals:4 | Noticed a kraken
 35269 | Shoals:4 | Killed a kraken
 35411 | Shoals:4 | Reached skill level 16 in Spellcasting
 35551 | Shoals:4 | Reached skill level 10 in Dodging
 35583 | Shoals:4 | Noticed a kraken
 35586 | Shoals:4 | Killed a kraken
 35614 | Shoals:4 | Offered knowledge of Spellforged Servitor by Vehumet.
 36029 | Shoals:4 | Got a barnacled rune of Zot
 36846 | Vaults:1 | Entered Level 1 of the Vaults
 36864 | Vaults:1 | Reached XP level 18. HP: 120/188 MP: 24/38
 37335 | Vaults:1 | Reached skill level 10 in Maces & Flails
 37761 | Vaults:1 | Identified a scroll of acquirement
 38737 | Vaults:1 | Acquired 339 gold pieces
 38815 | Vaults:1 | Offered knowledge of Maxwell's Capacitive Coupling by
                  | Vehumet.
 39239 | Vaults:2 | Reached skill level 17 in Spellcasting
 39891 | Vaults:2 | Reached skill level 15 in Ice Magic
 40751 | Vaults:3 | Reached XP level 19. HP: 198/198 MP: 40/40
 41395 | Vaults:3 | Offered knowledge of Fire Storm by Vehumet.
 41395 | Vaults:3 | Offered knowledge of Chain Lightning by Vehumet.
 41395 | Vaults:3 | Offered knowledge of Polar Vortex by Vehumet.
 42218 | Vaults:3 | Killed from afar by a crystal guardian

Illustrated notes

Levels and vault maps discovered:
D:1:      roderic_crossed_star, layout_basic
D:2:      kennysheep_the_goblin_king, layout_basic, minmay_3d_cube
D:3:      layout_basic, fedhas_ov_isle_minmay, minmay_close_crescents
D:4:      kb_forest_paths, layout_basic, minmay_temple_entry_mini_moons,
          uniq_eustachio, uniq_robin, uniq_ijyb
D:5:      layout_loops_cross, chequers_ossuary_entry_cave, serial_shops,
          nicolae_shop_trees, minmay_misc_feat_diagonals, uniq_duvessa
D:6:      layout_cave_pools, kennysheep_generic_room_15
D:7:      layout_layer_cave, pdpol_wu_jian_five_deadly_venoms, uniq_maggie,
          uniq_crazy_yiuf_cottage
D:8:      cheibrodos_grave_circle, layout_basic, okawaru_metal_pillars_1_2,
          elyvilon_altar_5
D:9:      layout_roguey, chequers_temple_overflow_minitemple,
          hellmonk_lair_entry_icy, orc_0_dummy
D:10:     layout_basic, mainiacjoe_overflow_catwalk
D:11:     wad_woods_minihive, layout_rooms
D:12:     minmay_the_grid_triangle_9x9_recursive_3
          [minmay_the_grid_triangle_9x9_sprig,
          minmay_the_grid_triangle_9x9_fully_insulated_deathbox,
          minmay_the_grid_triangle_9x9_shrine,
          minmay_the_grid_triangle_9x9_prize_center,
          minmay_the_grid_triangle_9x9_windchime,
          minmay_the_grid_triangle_9x9_corrupted_corridor,
          minmay_the_grid_triangle_9x9_steps,
          minmay_the_grid_triangle_9x9_descending_squares,
          minmay_the_grid_triangle_9x9_impossible_snake], layout_irregular_city,
          serial_shops, shop, kennysheep_mini, shop_coins,
          nicolae_stop_n_shop_2, shop
D:13:     layout_loops_ring, erik_vaults_2
D:14:     layout_long_grid
D:15:     grunt_enter_depths_hoard, layout_irregular_city, serial_shops, shop,
          gammafunk_ghost_fury_of_okawaru, kennysheep_pointless_box
Temple:   hc_temple_tempest_star
Lair:1:   layout_misc_corridors, hangedman_lair_generics_rect,
          infiniplex_staircase_pool
Lair:2:   layout_concentric_octagons, minmay_shoals_entry_hut, serial_forest,
          infiniplex_forest_lined_3, infiniplex_forest_clump_medium,
          infiniplex_forest_straight_1, infiniplex_forest_clump_small,
          infiniplex_forest_lined_2, infiniplex_forest_straight_1,
          infiniplex_forest_clump_curved, infiniplex_forest_zigzag_1,
          infiniplex_forest_lined_corner, columned_hall_lemuel, uniq_erica
Lair:3:   layout_long_grid, spider_nest_entry_funnel_web, grunt_megastairs_1,
          uniq_kirke, uniq_nergalle, uniq_sonja
Lair:4:   layout_hall_layers, nicolae_slime_entry_field_trip,
          grunt_megastairs_2, uniq_josephine
Lair:5:   hellmonk_lair_end_abyssal_woods, layout_cave_pods,
          chequers_serial_rivers_micro_b
Shoals:1: argonaut_golden_fleece, layout_shoals, nicolae_shoals_undead_eyrie
Shoals:2: layout_shoals, hellmonk_ghost_happy_afterlife,
          nicolae_shoals_spring_well_temple, uniq_ilsuiw, uniq_polyphemus
Shoals:3: layout_shoals, uniq_jorgrun
Shoals:4: shoals_end_hangedman, layout_shoals, serial_shops,
          nicolae_shop_hallway_plus
Orc:1:    layout_diamond_mine, serial_shops, nicolae_shop_pleasant_corner_grove
Orc:2:    pf_orc_diabolical, layout_diamond_mine
Vaults:1: nicolae_vaults_prndl, nicolae_vaults_closet_pinwheel_1,
          nicolae_vaults_double_plus_3, nicolae_vaults_display_case,
          vaults_room_pools, nicolae_vaults_tetromino_T_2,
          layout_vaults_omnigrid
Vaults:2: grunt_vaults_bifocal, v_misc_30, nicolae_vaults_network_periphery,
          nicolae_vaults_double_plus_2, nicolae_vaults_little_squares_5,
          v_rooms_5, nicolae_vaults_surprise_closet,
          nicolae_vaults_tetromino_Z_1, ontoclasm_vaults_tryst,
          nicolae_vaults_windows_and_doors_thing,
          nicolae_vaults_surprise_closet_hard, nicolae_vaults_surprise_closet,
          layout_vaults_big_cross
Vaults:3: minmay_crypt_entry_simple_plaza, nicolae_vaults_double_plus_1,
          nicolae_vaults_shelves_hall, nicolae_vaults_trapezoid_lopsided_1,
          vaults_dpeg_ring, nicolae_vaults_trapezoid_2, nicolae_vaults_asterisk,
          vaults_room_corners, nicolae_vaults_storage_closets_1,
          grunt_vaults_swirl, nicolae_vaults_variable_pillar_hall,
          hangedman_vaults_trim, hangedman_vaults_cutoff,
          grunt_vaults_trifunnel, nicolae_vaults_trapezoid_lopsided_2,
          layout_vaults_big_room

Skill      XL: |  1  2  3  4  5  6  7  8  9 10 11 12 13 14 15 16 17 18 19 |
---------------+----------------------------------------------------------+-----
Dodging        | 2 3 4 5 6 7 8 9 10 11 | 11.0
Fighting       | 1 2 3 4 5 6 7 8 9 10 12 13 14 | 14.9
Spellcasting   | 3 4 5 6 7 8 9 10 11 13 14 15 16 17 | 17.8
Ice Magic      | 4 5 6 7 8 9 10 11 12 13 14 15 | 15.4
Maces & Flails | 1 2 3 4 5 6 7 8 9 10 | 10.8
Stealth        | 2 3 |  3.0
Air Magic      | 2 4 5 6 7 8 |  8.0
Conjurations   | 1 3 4 6 7 8 10 11 12 13 14 | 14.4

Action                     |  1- 3 |  4- 6 |  7- 9 | 10-12 | 13-15 | 16-18 | 19-21 || total
---------------------------+-------+-------+-------+-------+-------+-------+-------++-------
  Melee: Club              |    17 |       |       |       |       |       |       ||    17
         Flail             |       |    45 |   138 |       |       |       |       ||   183
         Whip              |       |     3 |       |       |       |       |       ||     3
         Giant spiked club |       |       |    56 |   434 |   465 |   193 |    76 ||  1224
         Hand axe          |       |       |    22 |    18 |       |       |       ||    40
   Cast: Freeze            |    43 |    57 |    35 |    72 |    10 |       |       ||   217
         Frozen Ramparts   |       |     6 |    10 |    34 |     9 |       |       ||    59
         Ozocubu's Armour  |       |       |     9 |    30 |    19 |     6 |     6 ||    70
         Summon Ice Beast  |       |       |     3 |     4 |    11 |     4 |     1 ||    23
         Poisonous Vapours |       |       |    11 |    18 |    18 |       |       ||    47
         Freezing Cloud    |       |       |       |    30 |    89 |     2 |       ||   121
         Arcjolt           |       |       |       |     2 |    11 |     4 |       ||    17
         Ozocubu's Refrige |       |       |       |       |   165 |   405 |    55 ||   625
         Orb of Destructio |       |       |       |       |       |    57 |    12 ||    69
         Swiftness         |       |       |       |       |       |     1 |       ||     1
  Evoke: Wand              |       |     1 |     1 |       |     1 |    21 |       ||    24
    Use: Potion            |       |       |     5 |     3 |     5 |     9 |     2 ||    24
         Scroll            |       |       |     7 |     9 |    26 |     8 |     1 ||    51
   Stab: Sleeping          |     1 |     3 |     2 |     3 |     2 |       |       ||    11
         Distracted        |       |       |     1 |       |       |     1 |       ||     2
 Armour: Robe              |    14 |    19 |   143 |       |       |       |       ||   176
         Steam dragon scal |       |       |    11 |   179 |    24 |       |       ||   214
         Troll leather arm |       |       |       |    45 |   129 |   101 |    17 ||   292
  Dodge: Dodged            |    32 |    81 |   539 |   493 |   477 |   214 |    47 ||  1883
  Block: Orb               |     2 |    27 |   138 |       |       |       |       ||   167
         Other             |       |       |    28 |   165 |   168 |    19 |       ||   380
         Reflection        |       |       |     2 |     1 |     5 |       |       ||     8
